Carnivores vs Princes
(R1)
Created - 21 avril 2013 at 20:34
Goals
|
| Carnivores |
1 |
0 |
1 |
2 |
| Princes |
0 |
2 |
2 |
4 |
|
Shots
|
| Carnivores |
5 |
3 |
13 |
21 |
| Princes |
17 |
6 |
11 |
34 |
|
1st period
1. Carnivores , Manny Malhotra 12 (Josef Melichar) at 6:12
Penalties :
Nate Prosser (Cal) for Hooking (Minor) at 10:07, Mikael Backlund (Bre) for Tripping (Minor) at 10:07, Jason Strudwick (Cal) for Hooking (Minor) at 17:32, Bobby Sanguinetti (Bre) for Goalie Interference (Minor) at 17:32
2nd period
2. Princes , Kevin Shattenkirk 4 (Nate Prosser, Patric Hornqvist) at 10:15 (PP)
3. Princes , Tyler Brenner 7 (Nate Prosser, Jonathan Tremblay) at 13:16
Penalties :
Evgeny Dadonov (Bre) for Slashing (Minor) at 8:50, T.J. Oshie (Cal) for Interference (Minor) at 10:48, Keith Aulie (Bre) for Holding Stick (Minor) at 13:56, Nate Prosser (Cal) for Slashing (Minor) at 18:14
3rd period
4. Princes , Mason Raymond 38 (T.J. Oshie, Boyd Gordon) at 11:36
5. Carnivores , Evgeny Dadonov 17 (Blake Geoffrion, Andrew Ference) at 12:45
6. Princes , Boyd Gordon 28 (Brian McGrattan, Kevin Shattenkirk) at 17:48 (PP)
Penalties :
Mikael Backlund (Bre) for High sticking (Minor) at 0:15, Nate Prosser (Cal) for Slashing (Minor) at 4:03, Brian McGrattan (Cal) for Fighting (Major) at 11:28, Jeff Friesen (Bre) for Fighting (Major) at 11:28, Theo Peckham (Cal) for Slashing (Minor) at 15:30, Mikael Backlund (Bre) for Diving (Minor) at 16:01, Adam Pardy (Cal) for Roughing (Minor) at 19:42
Goalie Stats
Josh Tordjman (Bre), 30 saves from 34 shots - (0,882), L, 24-17-5, 60:00 minutes
Jonathan Bernier (Cal), 19 saves from 21 shots - (0,905), W, 26-12-6, 60:00 minutes
Players Stats for Carnivores
Player Name G A P +/- PIM S H SB GA TA FO MP PP MP PK MP
------------------------------------------------------------------------------------
Alexei Zhitnik 0 0 0 0 0 1 2 2 0 1 0/0 16:11 0:00 2:52
Andrew Ference 0 1 1 1 0 0 0 5 0 1 0/0 24:44 3:58 2:52
Andy Miele 0 0 0 -1 0 0 3 0 3 1 1/4 20:41 3:46 0:00
Blake Geoffrion 0 1 1 2 0 2 0 0 0 0 0/0 14:01 2:50 0:09
Bobby Sanguinetti 0 0 0 0 2 1 0 1 0 0 0/0 17:26 2:47 0:00
Cal O'Reilly 0 0 0 0 0 0 0 0 0 0 1/3 10:55 0:00 0:00
Chris Lawrence 0 0 0 0 0 0 1 1 0 0 0/0 10:06 0:08 0:00
David Van Der Gulik 0 0 0 0 0 1 4 0 0 0 1/1 10:35 0:43 0:00
Evgeny Dadonov 1 0 1 1 2 3 2 0 1 0 0/2 17:09 2:50 0:02
Janne Niinimaa 0 0 0 -1 0 1 1 0 1 0 0/0 17:12 2:47 2:31
Jeff Friesen 0 0 0 0 5 2 1 0 1 0 0/1 19:34 3:12 3:02
Jeremy Welsh 0 0 0 -1 0 1 0 0 0 0 0/0 7:05 0:00 0:01
Josef Melichar 0 1 1 0 0 1 1 2 1 1 0/0 21:53 0:00 2:50
Keith Aulie 0 0 0 0 2 1 2 3 0 1 0/0 23:10 3:58 0:19
Kyle Wilson 0 0 0 -1 0 0 0 0 0 0 1/2 10:14 0:00 2:54
Manny Malhotra 1 0 1 2 0 5 1 0 0 0 6/13 17:44 2:50 2:39
Mikael Backlund 0 0 0 -1 6 1 3 0 0 1 11/31 20:01 3:43 0:00
Tim Conboy 0 0 0 -1 0 1 0 0 0 0 1/2 10:04 0:12 2:37
Players Stats for Princes
Player Name G A P +/- PIM S H SB GA TA FO MP PP MP PK MP
------------------------------------------------------------------------------------
Adam Pardy 0 0 0 0 2 3 0 0 0 1 0/0 19:08 1:38 2:20
Alexander Korolyuk 0 0 0 0 0 3 2 0 0 1 0/0 12:59 0:15 1:34
Boyd Gordon 1 1 2 0 0 3 0 1 0 0 11/16 14:03 1:48 1:07
Brian McGrattan 0 1 1 -1 5 1 3 0 0 0 1/1 12:44 1:48 1:35
Jason Strudwick 0 0 0 1 2 0 2 3 1 0 0/0 19:18 0:00 4:25
John Madden 0 0 0 0 0 1 0 0 1 1 8/12 11:34 0:00 1:12
Jonathan Tremblay 0 1 1 0 0 0 2 1 0 0 2/2 8:33 0:20 0:00
Kevin Shattenkirk 1 1 2 2 0 2 0 1 0 0 0/0 17:46 4:09 0:00
Mason Raymond 1 0 1 0 0 4 4 1 1 0 0/0 14:31 1:53 0:00
Michael Haley 0 0 0 0 0 0 0 0 0 0 1/1 6:31 0:00 0:00
Michael Nylander 0 0 0 0 0 6 3 0 1 1 12/24 23:42 3:34 4:01
Nate Prosser 0 2 2 -1 6 1 3 0 0 1 0/0 21:48 4:04 0:00
Noah Welch 0 0 0 -2 0 0 0 4 0 1 0/0 24:29 1:33 4:25
P.J. Axelsson 0 0 0 0 0 0 1 0 0 1 0/0 22:03 3:34 4:01
Patric Hornqvist 0 1 1 0 0 4 1 0 2 0 0/0 19:13 3:34 0:00
Rhett Warrener 0 0 0 0 0 0 0 0 0 0 0/0 7:35 0:00 2:20
T.J. Oshie 0 1 1 1 2 3 1 0 0 0 2/3 14:37 0:15 0:00
Theo Peckham 0 0 0 0 2 0 1 1 0 0 0/0 11:03 0:05 0:00
Tyler Brenner 1 0 1 0 0 3 0 0 0 0 0/0 6:31 0:00 0:00
3 Stars
1 - Kevin Shattenkirk (Cal)
2 - Manny Malhotra (Bre)
3 - Boyd Gordon (Cal)
Power Play
Carnivores - 0 on 5 Attempt(s) - 0,00%
Princes - 2 on 4 Attempt(s) - 50,00%
Penalty Kill
Carnivores - 2 on 4 Attempt(s) - 50,00%
- Score 0 goal in Penalty Kill
Princes - 5 on 5 Attempt(s) - 100,00%
- Score 0 goal in Penalty Kill
Official
Referees : Walsh Ian and LaRue Dennis
Linesman : Brad Lazarowich and Darren Gibbs
Game Notes
Brian McGrattan and Jeff Friesen fight to a draw at 11:28 of 3rd period
Carnivores
5 vs 5 Forward
Center Left Wing Right Wing Time % Phy DF OF
1 Mikael Backlund Jeff Friesen Andy Miele 40 1 1 3
2 Manny Malhotra Blake Geoffrion Evgeny Dadonov 30 1 1 3
3 Cal O'Reilly David Van Der Gulik Chris Lawrence 20 1 2 2
4 Kyle Wilson Jeremy Welsh Tim Conboy 10 1 2 2
5 vs 5 Defense
Defense Defense Time % Phy DF OF
1 Josef Melichar Keith Aulie 40 1 2 2
2 Andrew Ference Bobby Sanguinetti 30 1 2 2
3 Janne Niinimaa Alexei Zhitnik 20 1 2 2
4 Alexei Zhitnik Andrew Ference 10 0 2 3
PowerPlay Forward
Center Left Wing Right Wing Time % Phy DF OF
1 Mikael Backlund Jeff Friesen Andy Miele 60 0 1 4
2 Manny Malhotra Blake Geoffrion Evgeny Dadonov 40 0 1 4
PowerPlay Defense
Defense Defense Time % Phy DF OF
1 Andrew Ference Keith Aulie 60 0 2 3
2 Janne Niinimaa Bobby Sanguinetti 40 0 2 3
Penalty Kill 4 Players Forward
Center Wing Time % Phy DF OF
1 Kyle Wilson Jeff Friesen 50 1 3 1
2 Manny Malhotra Tim Conboy 50 1 3 1
Penalty Kill 4 Players Defense
Defense Defense Time % Phy DF OF
1 Josef Melichar Janne Niinimaa 50 1 3 1
2 Andrew Ference Alexei Zhitnik 50 1 3 1
Penalty Kill - 3 Players Forward
Forward Time % Phy DF OF
1 Jeff Friesen 50 1 3 1
2 Manny Malhotra 50 1 3 1
Penalty Kill - 3 Players Defense
Defense Defense Time % Phy DF OF
1 Josef Melichar Alexei Zhitnik 50 1 3 1
2 Andrew Ference Janne Niinimaa 50 1 3 1
4 vs 4 Forward
Center Wing Time % Phy DF OF
1 Manny Malhotra Evgeny Dadonov 50 1 1 3
2 Mikael Backlund Andy Miele 50 1 1 3
4 vs 4 Defense
Defense Defense Time % Phy DF OF
1 Josef Melichar Keith Aulie 50 1 2 2
2 Andrew Ference Bobby Sanguinetti 50 1 2 2
Last Minutes Offensive
Center Left Wing Right Wing Defense Defense
Mikael Backlund Jeff Friesen Andy Miele Andrew Ference Keith Aulie
Last Minutes Defensive
Center Left Wing Right Wing Defense Defense
Mikael Backlund Jeff Friesen Andy Miele Andrew Ference Keith Aulie
Goaltenders
Starting : Josh Tordjman
Backup : Steve Mason
Extra Forwards
Normal : Evgeny Dadonov, Andy Miele, Mikael Backlund - PP : David Van Der Gulik, Tim Conboy - PK : Blake Geoffrion
Extra Defensemen
Normal : Janne Niinimaa, Keith Aulie, Josef Melichar - PP : Josef Melichar - PK : Bobby Sanguinetti, Keith Aulie
Penalty Shots
David Van Der Gulik, Evgeny Dadonov, Andy Miele, Blake Geoffrion, Manny Malhotra
Princes
5 vs 5 Forward
Center Left Wing Right Wing Time % Phy DF OF
1 Boyd Gordon Mason Raymond Brian McGrattan 35 1 2 2
2 Michael Nylander P.J. Axelsson Patric Hornqvist 35 1 1 3
3 John Madden Alexander Korolyuk T.J. Oshie 25 1 2 2
4 Tyler Brenner Michael Haley Jonathan Tremblay 5 2 1 2
5 vs 5 Defense
Defense Defense Time % Phy DF OF
1 Nate Prosser Noah Welch 40 0 3 2
2 Jason Strudwick Kevin Shattenkirk 30 0 3 2
3 Adam Pardy Theo Peckham 20 0 3 2
4 Jason Strudwick Rhett Warrener 10 0 3 2
PowerPlay Forward
Center Left Wing Right Wing Time % Phy DF OF
1 Michael Nylander P.J. Axelsson Patric Hornqvist 60 0 1 4
2 Boyd Gordon Mason Raymond Brian McGrattan 40 0 1 4
PowerPlay Defense
Defense Defense Time % Phy DF OF
1 Kevin Shattenkirk Nate Prosser 60 0 2 3
2 Adam Pardy Noah Welch 40 0 2 3
Penalty Kill 4 Players Forward
Center Wing Time % Phy DF OF
1 Michael Nylander P.J. Axelsson 60 1 3 1
2 John Madden Brian McGrattan 40 1 3 1
Penalty Kill 4 Players Defense
Defense Defense Time % Phy DF OF
1 Jason Strudwick Noah Welch 60 1 3 1
2 Rhett Warrener Adam Pardy 40 1 3 1
Penalty Kill - 3 Players Forward
Forward Time % Phy DF OF
1 P.J. Axelsson 60 1 2 2
2 Michael Nylander 40 1 2 2
Penalty Kill - 3 Players Defense
Defense Defense Time % Phy DF OF
1 Jason Strudwick Noah Welch 60 1 2 2
2 Rhett Warrener Adam Pardy 40 1 2 2
4 vs 4 Forward
Center Wing Time % Phy DF OF
1 Michael Nylander Patric Hornqvist 60 1 2 2
2 T.J. Oshie P.J. Axelsson 40 1 2 2
4 vs 4 Defense
Defense Defense Time % Phy DF OF
1 Nate Prosser Noah Welch 60 1 2 2
2 Adam Pardy Kevin Shattenkirk 40 1 2 2
Last Minutes Offensive
Center Left Wing Right Wing Defense Defense
Michael Nylander Alexander Korolyuk Patric Hornqvist Kevin Shattenkirk Noah Welch
Last Minutes Defensive
Center Left Wing Right Wing Defense Defense
Michael Nylander P.J. Axelsson Brian McGrattan Jason Strudwick Adam Pardy
Goaltenders
Starting : Jonathan Bernier
Backup : Manny Legace
Extra Forwards
Normal : Mason Raymond, T.J. Oshie, Jonathan Tremblay - PP : Alexander Korolyuk, T.J. Oshie - PK : Brian McGrattan
Extra Defensemen
Normal : Nate Prosser, Kevin Shattenkirk, Noah Welch - PP : Noah Welch - PK : Adam Pardy, Nate Prosser
Penalty Shots
Michael Haley, Michael Nylander, Brian McGrattan, Patric Hornqvist, Alexander Korolyuk
% Time on Ice - Carnivores
Lines # - Real PCT - Wanted PCT - Time Play
Normal Forward
1 - 35% - 40% - 14:55
2 - 26% - 30% - 10:47
3 - 23% - 20% - 9:31
4 - 16% - 10% - 6:54
Normal Defense
1 - 39% - 40% - 16:14
2 - 33% - 30% - 13:51
3 - 20% - 20% - 8:29
4 - 8% - 10% - 3:33
PP Forward
1 - 58% - 60% - 3:55
2 - 42% - 40% - 2:50
PP Defense
1 - 59% - 60% - 3:58
2 - 41% - 40% - 2:47
PK Forward
1 - 54% - 50% - 3:04
2 - 46% - 50% - 2:38
PK Defense
1 - 50% - 50% - 2:50
2 - 50% - 50% - 2:52
PK3 Forward
1 - 0% - 50%
2 - 0% - 50%
PK3 Defense
1 - 0% - 50%
2 - 0% - 50%
44 Forward
1 - 38% - 50% - 2:04
2 - 62% - 50% - 3:22
44 Defense
1 - 52% - 50% - 2:51
2 - 48% - 50% - 2:35
Last Minute Offensive - 0:00
Last Minute Defensive - 0:00
Total
Forward - 60:00
Defense - 60:00
|
% Time on Ice - Princes
Lines # - Real PCT - Wanted PCT - Time Play
Normal Forward
1 - 28% - 35% - 11:57
2 - 32% - 35% - 13:17
3 - 25% - 25% - 10:22
4 - 15% - 5% - 6:31
Normal Defense
1 - 39% - 40% - 16:29
2 - 25% - 30% - 10:38
3 - 26% - 20% - 10:59
4 - 10% - 10% - 4:01
PP Forward
1 - 68% - 60% - 3:54
2 - 32% - 40% - 1:48
PP Defense
1 - 71% - 60% - 4:04
2 - 29% - 40% - 1:38
PK Forward
1 - 82% - 60% - 5:33
2 - 18% - 40% - 1:12
PK Defense
1 - 65% - 60% - 4:25
2 - 35% - 40% - 2:20
PK3 Forward
1 - 0% - 60%
2 - 0% - 40%
PK3 Defense
1 - 0% - 60%
2 - 0% - 40%
44 Forward
1 - 71% - 60% - 3:50
2 - 29% - 40% - 1:36
44 Defense
1 - 63% - 60% - 3:26
2 - 37% - 40% - 2:00
Last Minute Offensive - 0:00
Last Minute Defensive - 0:00
Total
Forward - 60:00
Defense - 60:00
|
Play by Play
1st period
0:01 of 1st period - Boyd Gordon wins face-off versus Mikael Backlund in neutral zone.
1:16 of 1st period - Slapshot by T.J. Oshie.
1:16 of 1st period - Stopped by Josh Tordjman without a rebound.
1:17 of 1st period - Cal O'Reilly wins face-off versus John Madden in Carnivores zone.
2:15 of 1st period - Icing by Josef Melichar.
2:16 of 1st period - Michael Nylander wins face-off versus Kyle Wilson in Carnivores zone.
3:05 of 1st period - Icing by Alexander Korolyuk.
3:06 of 1st period - John Madden wins face-off versus Mikael Backlund in Princes zone.
3:13 of 1st period - Wrist shot by Jeff Friesen.
3:13 of 1st period - Stopped by Jonathan Bernier without a rebound.
3:14 of 1st period - Michael Nylander wins face-off versus Andy Miele in Princes zone.
3:40 of 1st period - Slapshot by Alexei Zhitnik.
3:40 of 1st period - Stopped by Jonathan Bernier without a rebound.
3:41 of 1st period - David Van Der Gulik wins face-off versus Boyd Gordon in Princes zone.
3:41 of 1st period - Janne Niinimaa is hit by Brian McGrattan and loses puck.
3:50 of 1st period - Slapshot by Mason Raymond.
3:50 of 1st period - Shot Misses the Net.
3:52 of 1st period - Slapshot by Boyd Gordon.
3:52 of 1st period - Stopped by Josh Tordjman without a rebound.
3:53 of 1st period - Michael Nylander wins face-off versus Mikael Backlund in Carnivores zone.
4:02 of 1st period - Snap shot by Michael Nylander.
4:02 of 1st period - Deflect By Patric Hornqvist.
4:02 of 1st period - Shot Misses the Net.
4:02 of 1st period - Puck is out of play.
4:03 of 1st period - Michael Nylander wins face-off versus Mikael Backlund in Carnivores zone.
4:12 of 1st period - Slapshot by Michael Nylander.
4:12 of 1st period - Stopped by Josh Tordjman without a rebound.
4:13 of 1st period - Manny Malhotra wins face-off versus Boyd Gordon in Carnivores zone.
5:07 of 1st period - Slapshot by Patric Hornqvist.
5:07 of 1st period - Stopped by Josh Tordjman with a rebound.
5:09 of 1st period - Snap shot by P.J. Axelsson.
5:09 of 1st period - Deflect By Michael Nylander.
5:09 of 1st period - Stopped by Josh Tordjman without a rebound.
5:10 of 1st period - Boyd Gordon wins face-off versus Manny Malhotra in Carnivores zone.
5:11 of 1st period - Snap shot by Brian McGrattan.
5:11 of 1st period - Shot Misses the Net.
5:13 of 1st period - Snap shot by Boyd Gordon.
5:13 of 1st period - Deflect By Mason Raymond.
5:13 of 1st period - Stopped by Josh Tordjman without a rebound.
5:14 of 1st period - Boyd Gordon wins face-off versus Manny Malhotra in Carnivores zone.
5:15 of 1st period - Wrist shot by Brian McGrattan.
5:15 of 1st period - Stopped by Josh Tordjman with a rebound.
5:52 of 1st period - Wrist shot by Mason Raymond.
5:52 of 1st period - Shot Blocked by Josef Melichar.
5:54 of 1st period - Slapshot by Noah Welch.
5:54 of 1st period - Shot Misses the Net.
6:12 of 1st period - Snap shot by Manny Malhotra.
6:12 of 1st period - Goal by Manny Malhotra - Carnivores : 1 - Princes : 0.
6:13 of 1st period - Mikael Backlund wins face-off versus Michael Nylander in neutral zone.
6:20 of 1st period - Snap shot by Jeff Friesen.
6:20 of 1st period - Shot Blocked by Theo Peckham.
7:17 of 1st period - Patric Hornqvist is hit by Andy Miele and loses puck.
8:00 of 1st period - Wrist shot by Patric Hornqvist.
8:00 of 1st period - Shot Misses the Net.
8:02 of 1st period - Slapshot by Adam Pardy.
8:02 of 1st period - Stopped by Josh Tordjman with a rebound.
8:48 of 1st period - Snap shot by Patric Hornqvist.
8:48 of 1st period - Stopped by Josh Tordjman with a rebound.
8:50 of 1st period - Slapshot by Adam Pardy.
8:50 of 1st period - Deflect By Patric Hornqvist.
8:50 of 1st period - Stopped by Josh Tordjman with a rebound.
8:52 of 1st period - Slapshot by Adam Pardy.
8:52 of 1st period - Shot Misses the Net.
8:54 of 1st period - Slapshot by Michael Nylander.
8:54 of 1st period - Deflect By Patric Hornqvist.
8:54 of 1st period - Stopped by Josh Tordjman without a rebound.
8:55 of 1st period - Mikael Backlund wins face-off versus John Madden in Carnivores zone.
8:55 of 1st period - Mikael Backlund is hit by Nate Prosser.
9:23 of 1st period - Bobby Sanguinetti is hit by Alexander Korolyuk and loses puck.
10:07 of 1st period - Minor Penalty to Nate Prosser for Hooking.
10:07 of 1st period - Minor Penalty to Mikael Backlund for Tripping.
10:08 of 1st period - Manny Malhotra wins face-off versus Michael Nylander in Carnivores zone.
10:21 of 1st period - Manny Malhotra is hit by Mason Raymond and loses puck.
11:45 of 1st period - Jason Strudwick is hit by Jeff Friesen and loses puck.
12:07 of 1st period - Penalty to Nate Prosser is over, Nate Prosser is back on ice.
12:07 of 1st period - Penalty to Mikael Backlund is over, Mikael Backlund is back on ice.
12:37 of 1st period - Alexei Zhitnik is hit by Alexander Korolyuk and loses puck.
12:57 of 1st period - Noah Welch is hit by Chris Lawrence and loses puck.
13:04 of 1st period - Snap shot by David Van Der Gulik.
13:04 of 1st period - Stopped by Jonathan Bernier without a rebound.
13:05 of 1st period - Michael Nylander wins face-off versus Manny Malhotra in Princes zone.
13:10 of 1st period - Snap shot by Evgeny Dadonov.
13:10 of 1st period - Deflect By Manny Malhotra.
13:10 of 1st period - Stopped by Jonathan Bernier without a rebound.
13:11 of 1st period - Manny Malhotra wins face-off versus Michael Nylander in Princes zone.
13:26 of 1st period - Manny Malhotra is hit by Patric Hornqvist and loses puck.
13:33 of 1st period - P.J. Axelsson is hit by Alexei Zhitnik and loses puck.
13:52 of 1st period - Snap shot by P.J. Axelsson.
13:52 of 1st period - Shot Misses the Net.
14:34 of 1st period - Andrew Ference is hit by P.J. Axelsson.
14:40 of 1st period - Michael Nylander is hit by Alexei Zhitnik and loses puck.
15:12 of 1st period - Wrist shot by Michael Nylander.
15:12 of 1st period - Shot Misses the Net.
15:59 of 1st period - Slapshot by Patric Hornqvist.
15:59 of 1st period - Shot Misses the Net.
16:01 of 1st period - Slapshot by Michael Nylander.
16:01 of 1st period - Stopped by Josh Tordjman without a rebound.
16:02 of 1st period - Boyd Gordon wins face-off versus Mikael Backlund in Carnivores zone.
16:05 of 1st period - Slapshot by Brian McGrattan.
16:05 of 1st period - Shot Misses the Net.
16:07 of 1st period - Wrist shot by Mason Raymond.
16:07 of 1st period - Stopped by Josh Tordjman with a rebound.
16:13 of 1st period - Wrist shot by Boyd Gordon.
16:13 of 1st period - Shot Misses the Net.
16:15 of 1st period - Snap shot by Mason Raymond.
16:15 of 1st period - Shot Blocked by Keith Aulie.
16:17 of 1st period - Slapshot by Boyd Gordon.
16:17 of 1st period - Stopped by Josh Tordjman with a rebound.
17:16 of 1st period - Wrist shot by Mason Raymond.
17:16 of 1st period - Stopped by Josh Tordjman with a rebound.
17:19 of 1st period - Icing by Bobby Sanguinetti.
17:20 of 1st period - Mikael Backlund wins face-off versus John Madden in Carnivores zone.
17:32 of 1st period - Minor Penalty to Jason Strudwick for Hooking.
17:32 of 1st period - Minor Penalty to Bobby Sanguinetti for Goalie Interference.
17:33 of 1st period - T.J. Oshie wins face-off versus Mikael Backlund in Carnivores zone.
17:46 of 1st period - Slapshot by Mikael Backlund.
17:46 of 1st period - Shot Misses the Net.
18:04 of 1st period - Slapshot by Kevin Shattenkirk.
18:04 of 1st period - Deflect By Alexander Korolyuk.
18:04 of 1st period - Stopped by Josh Tordjman without a rebound.
18:05 of 1st period - Jonathan Tremblay wins face-off versus Mikael Backlund in Carnivores zone.
18:06 of 1st period - Wrist shot by Alexander Korolyuk.
18:06 of 1st period - Shot Blocked by Andrew Ference.
18:08 of 1st period - Slapshot by Alexander Korolyuk.
18:08 of 1st period - Stopped by Josh Tordjman without a rebound.
18:09 of 1st period - Jonathan Tremblay wins face-off versus Mikael Backlund in Carnivores zone.
18:37 of 1st period - Icing by Michael Nylander.
18:38 of 1st period - Michael Nylander wins face-off versus Evgeny Dadonov in Princes zone.
19:32 of 1st period - Penalty to Jason Strudwick is over, Jason Strudwick is back on ice.
19:32 of 1st period - Penalty to Bobby Sanguinetti is over, Bobby Sanguinetti is back on ice.
19:35 of 1st period - Andrew Ference is hit by Michael Nylander.
2nd period
0:01 of 2nd period - Boyd Gordon wins face-off versus Andy Miele in neutral zone.
0:26 of 2nd period - T.J. Oshie is hit by Josef Melichar and loses puck.
0:39 of 2nd period - Slapshot by Janne Niinimaa.
0:39 of 2nd period - Deflect By Tim Conboy.
0:39 of 2nd period - Stopped by Jonathan Bernier without a rebound.
0:40 of 2nd period - Mikael Backlund wins face-off versus Michael Nylander in Princes zone.
2:26 of 2nd period - Andrew Ference is hit by T.J. Oshie and loses puck.
2:31 of 2nd period - Snap shot by Alexander Korolyuk.
2:31 of 2nd period - Shot Hit the Post.
2:33 of 2nd period - Wrist shot by T.J. Oshie.
2:33 of 2nd period - Stopped by Josh Tordjman with a rebound.
2:35 of 2nd period - Slapshot by T.J. Oshie.
2:35 of 2nd period - Shot Misses the Net.
2:37 of 2nd period - Snap shot by Alexander Korolyuk.
2:37 of 2nd period - Shot Blocked by Andrew Ference.
2:47 of 2nd period - Mason Raymond is hit by David Van Der Gulik and loses puck.
2:54 of 2nd period - Andrew Ference is hit by Brian McGrattan and loses puck.
3:52 of 2nd period - Wrist shot by T.J. Oshie.
3:52 of 2nd period - Shot Blocked by Chris Lawrence.
3:54 of 2nd period - Snap shot by T.J. Oshie.
3:54 of 2nd period - Stopped by Josh Tordjman with a rebound.
3:56 of 2nd period - Snap shot by John Madden.
3:56 of 2nd period - Shot Blocked by Keith Aulie.
4:14 of 2nd period - Backhand shot by Evgeny Dadonov.
4:14 of 2nd period - Deflect By Manny Malhotra.
4:14 of 2nd period - Shot Blocked by Noah Welch.
4:14 of 2nd period - Puck is out of play.
4:15 of 2nd period - John Madden wins face-off versus Mikael Backlund in Princes zone.
4:41 of 2nd period - Andy Miele is hit by Theo Peckham and loses puck.
5:04 of 2nd period - Snap shot by Andy Miele.
5:04 of 2nd period - Shot Misses the Net.
5:10 of 2nd period - Janne Niinimaa is hit by Mason Raymond and loses puck.
5:23 of 2nd period - Snap shot by Evgeny Dadonov.
5:23 of 2nd period - Shot Blocked by Jonathan Tremblay.
5:25 of 2nd period - Wrist shot by Manny Malhotra.
5:25 of 2nd period - Shot Blocked by Noah Welch.
5:27 of 2nd period - Snap shot by Janne Niinimaa.
5:27 of 2nd period - Deflect By Evgeny Dadonov.
5:27 of 2nd period - Shot Blocked by Noah Welch.
5:27 of 2nd period - Puck is out of play.
5:28 of 2nd period - John Madden wins face-off versus Evgeny Dadonov in Princes zone.
5:33 of 2nd period - Snap shot by Nate Prosser.
5:33 of 2nd period - Deflect By Alexander Korolyuk.
5:33 of 2nd period - Shot Misses the Net.
5:33 of 2nd period - Puck is out of play.
5:34 of 2nd period - John Madden wins face-off versus Cal O'Reilly in Carnivores zone.
5:58 of 2nd period - Off-side.
5:59 of 2nd period - Boyd Gordon wins face-off versus Tim Conboy in neutral zone.
6:26 of 2nd period - Backhand shot by Andy Miele.
6:26 of 2nd period - Shot Misses the Net.
6:28 of 2nd period - Wrist shot by Andy Miele.
6:28 of 2nd period - Shot Misses the Net.
6:30 of 2nd period - Wrist shot by Andy Miele.
6:30 of 2nd period - Shot Misses the Net.
6:32 of 2nd period - Slapshot by Josef Melichar.
6:32 of 2nd period - Shot Misses the Net.
6:34 of 2nd period - Snap shot by Josef Melichar.
6:34 of 2nd period - Stopped by Jonathan Bernier with a rebound.
6:44 of 2nd period - Snap shot by Manny Malhotra.
6:44 of 2nd period - Deflect By Blake Geoffrion.
6:44 of 2nd period - Shot Blocked by Kevin Shattenkirk.
6:44 of 2nd period - Puck is out of play.
6:45 of 2nd period - John Madden wins face-off versus Manny Malhotra in Princes zone.
7:17 of 2nd period - Evgeny Dadonov is hit by Nate Prosser and loses puck.
7:29 of 2nd period - Icing by Josef Melichar.
7:30 of 2nd period - Mikael Backlund wins face-off versus Boyd Gordon in Carnivores zone.
7:43 of 2nd period - Snap shot by Mikael Backlund.
7:43 of 2nd period - Shot Blocked by Boyd Gordon.
8:46 of 2nd period - Adam Pardy is hit by Evgeny Dadonov and loses puck.
8:50 of 2nd period - Minor Penalty to Evgeny Dadonov for Slashing.
8:51 of 2nd period - Kyle Wilson wins face-off versus Michael Nylander in Carnivores zone.
10:07 of 2nd period - Snap shot by Patric Hornqvist.
10:07 of 2nd period - Shot Misses the Net.
10:09 of 2nd period - Snap shot by Patric Hornqvist.
10:09 of 2nd period - Shot Misses the Net.
10:11 of 2nd period - Snap shot by Kevin Shattenkirk.
10:11 of 2nd period - Shot Blocked by Andrew Ference.
10:13 of 2nd period - Slapshot by Nate Prosser.
10:13 of 2nd period - Shot Misses the Net.
10:15 of 2nd period - Slapshot by Kevin Shattenkirk.
10:15 of 2nd period - Goal by Kevin Shattenkirk - Carnivores : 1 - Princes : 1.
10:16 of 2nd period - Boyd Gordon wins face-off versus Mikael Backlund in neutral zone.
10:18 of 2nd period - Off-side.
10:19 of 2nd period - Brian McGrattan wins face-off versus Mikael Backlund in neutral zone.
10:48 of 2nd period - Minor Penalty to T.J. Oshie for Interference.
10:49 of 2nd period - Michael Nylander wins face-off versus Mikael Backlund in Princes zone.
10:49 of 2nd period - Michael Nylander is hit by Andy Miele.
11:03 of 2nd period - Michael Nylander is hit by Andy Miele and loses puck.
11:14 of 2nd period - Jason Strudwick is hit by Evgeny Dadonov and loses puck.
12:45 of 2nd period - Adam Pardy is hit by Janne Niinimaa and loses puck.
12:48 of 2nd period - Penalty to T.J. Oshie is over, T.J. Oshie is back on ice.
12:58 of 2nd period - Snap shot by Boyd Gordon.
12:58 of 2nd period - Shot Blocked by Bobby Sanguinetti.
13:10 of 2nd period - Snap shot by Tyler Brenner.
13:10 of 2nd period - Shot Misses the Net.
13:12 of 2nd period - Slapshot by Nate Prosser.
13:12 of 2nd period - Shot Misses the Net.
13:14 of 2nd period - Slapshot by Nate Prosser.
13:14 of 2nd period - Stopped by Josh Tordjman with a rebound.
13:16 of 2nd period - Snap shot by Tyler Brenner.
13:16 of 2nd period - Goal by Tyler Brenner - Carnivores : 1 - Princes : 2.
13:17 of 2nd period - Michael Nylander wins face-off versus Mikael Backlund in neutral zone.
13:42 of 2nd period - Andy Miele is hit by Jason Strudwick and loses puck.
13:55 of 2nd period - Wrist shot by Noah Welch.
13:55 of 2nd period - Shot Misses the Net.
13:56 of 2nd period - Minor Penalty to Keith Aulie for Holding Stick.
13:57 of 2nd period - Tim Conboy wins face-off versus Michael Nylander in Carnivores zone.
14:08 of 2nd period - Slapshot by Michael Nylander.
14:08 of 2nd period - Stopped by Josh Tordjman without a rebound.
14:09 of 2nd period - Michael Nylander wins face-off versus Manny Malhotra in Carnivores zone.
14:12 of 2nd period - Snap shot by Patric Hornqvist.
14:12 of 2nd period - Shot Misses the Net.
15:56 of 2nd period - Penalty to Keith Aulie is over, Keith Aulie is back on ice.
16:20 of 2nd period - Wrist shot by T.J. Oshie.
16:20 of 2nd period - Shot Misses the Net.
17:32 of 2nd period - Patric Hornqvist is hit by David Van Der Gulik and loses puck.
17:43 of 2nd period - Brian McGrattan is hit by Mikael Backlund.
18:14 of 2nd period - Minor Penalty to Nate Prosser for Slashing.
18:15 of 2nd period - Mikael Backlund wins face-off versus Michael Nylander in Princes zone.
18:47 of 2nd period - Snap shot by Manny Malhotra.
18:47 of 2nd period - Shot Blocked by Jason Strudwick.
18:52 of 2nd period - Off-side.
18:53 of 2nd period - John Madden wins face-off versus Manny Malhotra in neutral zone.
19:10 of 2nd period - John Madden is hit by Manny Malhotra and loses puck.
19:29 of 2nd period - Snap shot by Andy Miele.
19:29 of 2nd period - Deflect By Mikael Backlund.
19:29 of 2nd period - Stopped by Jonathan Bernier with a rebound.
3rd period
0:01 of 3rd period - Michael Nylander wins face-off versus Mikael Backlund in neutral zone.
0:01 of 3rd period - Michael Nylander is hit by Keith Aulie.
0:14 of 3rd period - Penalty to Nate Prosser is over, Nate Prosser is back on ice.
0:15 of 3rd period - Minor Penalty to Mikael Backlund for High sticking.
0:16 of 3rd period - Manny Malhotra wins face-off versus Michael Nylander in Carnivores zone.
0:27 of 3rd period - Josef Melichar is hit by Nate Prosser and loses puck.
1:22 of 3rd period - Snap shot by Boyd Gordon.
1:22 of 3rd period - Shot Blocked by Alexei Zhitnik.
2:15 of 3rd period - Penalty to Mikael Backlund is over, Mikael Backlund is back on ice.
2:33 of 3rd period - Snap shot by Jeff Friesen.
2:33 of 3rd period - Shot Misses the Net.
4:03 of 3rd period - Minor Penalty to Nate Prosser for Slashing.
4:04 of 3rd period - Andy Miele wins face-off versus Michael Nylander in Princes zone.
4:07 of 3rd period - Wrist shot by Andy Miele.
4:07 of 3rd period - Deflect By Jeff Friesen.
4:07 of 3rd period - Stopped by Jonathan Bernier without a rebound.
4:08 of 3rd period - Mikael Backlund wins face-off versus Michael Nylander in Princes zone.
4:31 of 3rd period - Wrist shot by Blake Geoffrion.
4:31 of 3rd period - Shot Misses the Net.
4:33 of 3rd period - Snap shot by Andrew Ference.
4:33 of 3rd period - Shot Misses the Net.
4:35 of 3rd period - Snap shot by Blake Geoffrion.
4:35 of 3rd period - Shot Blocked by Jason Strudwick.
4:39 of 3rd period - Wrist shot by Evgeny Dadonov.
4:39 of 3rd period - Stopped by Jonathan Bernier with a rebound.
4:41 of 3rd period - Snap shot by Keith Aulie.
4:41 of 3rd period - Stopped by Jonathan Bernier with a rebound.
5:30 of 3rd period - Janne Niinimaa is hit by Jason Strudwick and loses puck.
6:03 of 3rd period - Penalty to Nate Prosser is over, Nate Prosser is back on ice.
6:10 of 3rd period - Snap shot by Nate Prosser.
6:10 of 3rd period - Shot Misses the Net.
6:16 of 3rd period - Theo Peckham is hit by David Van Der Gulik and loses puck.
6:31 of 3rd period - Jonathan Tremblay is hit by Keith Aulie and loses puck.
7:42 of 3rd period - Janne Niinimaa is hit by Mason Raymond and loses puck.
8:17 of 3rd period - Tim Conboy is hit by Brian McGrattan and loses puck.
8:32 of 3rd period - Jeff Friesen is hit by Jonathan Tremblay.
8:56 of 3rd period - Wrist shot by Alexander Korolyuk.
8:56 of 3rd period - Stopped by Josh Tordjman with a rebound.
8:58 of 3rd period - Snap shot by John Madden.
8:58 of 3rd period - Stopped by Josh Tordjman with a rebound.
9:00 of 3rd period - Snap shot by T.J. Oshie.
9:00 of 3rd period - Shot Blocked by Josef Melichar.
9:02 of 3rd period - Slapshot by Rhett Warrener.
9:02 of 3rd period - Shot Blocked by Keith Aulie.
9:16 of 3rd period - Josef Melichar is hit by Michael Nylander and loses puck.
10:02 of 3rd period - Mikael Backlund is hit by Jonathan Tremblay.
10:37 of 3rd period - Slapshot by Bobby Sanguinetti.
10:37 of 3rd period - Shot Misses the Net.
10:39 of 3rd period - Snap shot by Jeremy Welsh.
10:39 of 3rd period - Stopped by Jonathan Bernier with a rebound.
11:01 of 3rd period - Janne Niinimaa is hit by Mason Raymond and loses puck.
11:09 of 3rd period - Icing by Evgeny Dadonov.
11:10 of 3rd period - Michael Haley wins face-off versus Mikael Backlund in Carnivores zone.
11:13 of 3rd period - Snap shot by Tyler Brenner.
11:13 of 3rd period - Shot Misses the Net.
11:15 of 3rd period - Slapshot by Adam Pardy.
11:15 of 3rd period - Deflect By Tyler Brenner.
11:15 of 3rd period - Stopped by Josh Tordjman with a rebound.
11:17 of 3rd period - Snap shot by Adam Pardy.
11:17 of 3rd period - Deflect By Tyler Brenner.
11:17 of 3rd period - Stopped by Josh Tordjman with a rebound.
11:19 of 3rd period - Snap shot by Michael Haley.
11:19 of 3rd period - Shot Misses the Net.
11:21 of 3rd period - Slapshot by Adam Pardy.
11:21 of 3rd period - Stopped by Josh Tordjman without a rebound.
11:22 of 3rd period - Mikael Backlund wins face-off versus Boyd Gordon in Carnivores zone.
11:28 of 3rd period - Brian McGrattan and Jeff Friesen fight to a draw.
11:28 of 3rd period - Penalty to Brian McGrattan for Fighting.
11:28 of 3rd period - Penalty to Jeff Friesen for Fighting.
11:29 of 3rd period - Boyd Gordon wins face-off versus Andy Miele in Princes zone.
11:36 of 3rd period - Wrist shot by T.J. Oshie.
11:36 of 3rd period - Deflect By Mason Raymond.
11:36 of 3rd period - Goal by Mason Raymond - Carnivores : 1 - Princes : 3.
11:37 of 3rd period - Mikael Backlund wins face-off versus T.J. Oshie in neutral zone.
12:03 of 3rd period - Snap shot by Tim Conboy.
12:03 of 3rd period - Shot Blocked by Mason Raymond.
12:30 of 3rd period - Chris Lawrence is hit by Michael Nylander and loses puck.
12:45 of 3rd period - Snap shot by Evgeny Dadonov.
12:45 of 3rd period - Goal by Evgeny Dadonov - Carnivores : 2 - Princes : 3.
12:46 of 3rd period - Michael Nylander wins face-off versus Mikael Backlund in neutral zone.
12:57 of 3rd period - Wrist shot by Mikael Backlund.
12:57 of 3rd period - Shot Misses the Net.
12:59 of 3rd period - Snap shot by Keith Aulie.
12:59 of 3rd period - Deflect By Mikael Backlund.
12:59 of 3rd period - Shot Misses the Net.
12:59 of 3rd period - Puck is out of play.
13:00 of 3rd period - Mikael Backlund wins face-off versus Boyd Gordon in Princes zone.
13:01 of 3rd period - Snap shot by Andy Miele.
13:01 of 3rd period - Shot Misses the Net.
13:25 of 3rd period - Noah Welch is hit by David Van Der Gulik and loses puck.
13:53 of 3rd period - Snap shot by Andrew Ference.
13:53 of 3rd period - Deflect By Kyle Wilson.
13:53 of 3rd period - Shot Blocked by Jason Strudwick.
13:53 of 3rd period - Puck is out of play.
13:54 of 3rd period - Boyd Gordon wins face-off versus Mikael Backlund in Princes zone.
14:09 of 3rd period - Wrist shot by Mikael Backlund.
14:09 of 3rd period - Shot Misses the Net.
14:27 of 3rd period - Wrist shot by Michael Nylander.
14:27 of 3rd period - Stopped by Josh Tordjman with a rebound.
14:41 of 3rd period - Snap shot by Bobby Sanguinetti.
14:41 of 3rd period - Stopped by Jonathan Bernier with a rebound.
14:59 of 3rd period - Wrist shot by Blake Geoffrion.
14:59 of 3rd period - Stopped by Jonathan Bernier with a rebound.
15:01 of 3rd period - Snap shot by Manny Malhotra.
15:01 of 3rd period - Stopped by Jonathan Bernier with a rebound.
15:03 of 3rd period - Wrist shot by Manny Malhotra.
15:03 of 3rd period - Shot Misses the Net.
15:09 of 3rd period - Snap shot by Blake Geoffrion.
15:09 of 3rd period - Stopped by Jonathan Bernier without a rebound.
15:10 of 3rd period - Boyd Gordon wins face-off versus Mikael Backlund in Princes zone.
15:21 of 3rd period - Snap shot by Mason Raymond.
15:21 of 3rd period - Shot Misses the Net.
15:30 of 3rd period - Minor Penalty to Theo Peckham for Slashing.
15:31 of 3rd period - Michael Nylander wins face-off versus Mikael Backlund in Princes zone.
15:31 of 3rd period - Michael Nylander is hit by Mikael Backlund.
16:01 of 3rd period - Minor Penalty to Mikael Backlund for Diving.
16:02 of 3rd period - Manny Malhotra wins face-off versus Michael Nylander in Carnivores zone.
16:07 of 3rd period - Snap shot by Evgeny Dadonov.
16:07 of 3rd period - Stopped by Jonathan Bernier with a rebound.
16:28 of 3rd period - Penalty to Brian McGrattan is over, Brian McGrattan is back on ice.
16:28 of 3rd period - Penalty to Jeff Friesen is over, Jeff Friesen is back on ice.
16:50 of 3rd period - Wrist shot by Patric Hornqvist.
16:50 of 3rd period - Shot Misses the Net.
16:52 of 3rd period - Snap shot by Patric Hornqvist.
16:52 of 3rd period - Shot Misses the Net.
16:54 of 3rd period - Snap shot by Patric Hornqvist.
16:54 of 3rd period - Deflect By Michael Nylander.
16:54 of 3rd period - Stopped by Josh Tordjman without a rebound.
16:55 of 3rd period - T.J. Oshie wins face-off versus Manny Malhotra in Carnivores zone.
17:02 of 3rd period - Snap shot by T.J. Oshie.
17:02 of 3rd period - Shot Blocked by Andrew Ference.
17:04 of 3rd period - Slapshot by Adam Pardy.
17:04 of 3rd period - Shot Misses the Net.
17:06 of 3rd period - Snap shot by Adam Pardy.
17:06 of 3rd period - Deflect By Manny Malhotra.
17:06 of 3rd period - Stopped by Josh Tordjman with a rebound.
17:08 of 3rd period - Slapshot by Adam Pardy.
17:08 of 3rd period - Shot Blocked by Andrew Ference.
17:30 of 3rd period - Penalty to Theo Peckham is over, Theo Peckham is back on ice.
17:34 of 3rd period - Slapshot by Kevin Shattenkirk.
17:34 of 3rd period - Deflect By Jeff Friesen.
17:34 of 3rd period - Stopped by Josh Tordjman without a rebound.
17:35 of 3rd period - Boyd Gordon wins face-off versus Jeff Friesen in Carnivores zone.
17:48 of 3rd period - Snap shot by Boyd Gordon.
17:48 of 3rd period - Goal by Boyd Gordon - Carnivores : 2 - Princes : 4.
17:49 of 3rd period - John Madden wins face-off versus Cal O'Reilly in neutral zone.
18:20 of 3rd period - Snap shot by Jeff Friesen.
18:20 of 3rd period - Shot Misses the Net.
18:22 of 3rd period - Wrist shot by Mikael Backlund.
18:22 of 3rd period - Deflect By Nate Prosser.
18:22 of 3rd period - Shot Blocked by Noah Welch.
18:22 of 3rd period - Puck is out of play.
18:23 of 3rd period - Mikael Backlund wins face-off versus John Madden in Princes zone.
18:24 of 3rd period - Slapshot by Janne Niinimaa.
18:24 of 3rd period - Stopped by Jonathan Bernier without a rebound.
18:25 of 3rd period - John Madden wins face-off versus Mikael Backlund in Princes zone.
18:25 of 3rd period - John Madden is hit by Mikael Backlund.
18:39 of 3rd period - Snap shot by John Madden.
18:39 of 3rd period - Shot Blocked by Alexei Zhitnik.
19:42 of 3rd period - Minor Penalty to Adam Pardy for Roughing.
19:43 of 3rd period - Manny Malhotra wins face-off versus Michael Nylander in Princes zone.
19:52 of 3rd period - Slapshot by Blake Geoffrion.
19:52 of 3rd period - Deflect By Manny Malhotra.
19:52 of 3rd period - Stopped by Jonathan Bernier with a rebound.
19:54 of 3rd period - Wrist shot by Blake Geoffrion.
19:54 of 3rd period - Shot Misses the Net.
19:56 of 3rd period - Slapshot by Blake Geoffrion.
19:56 of 3rd period - Deflect By Manny Malhotra.
19:56 of 3rd period - Stopped by Jonathan Bernier with a rebound.
19:58 of 3rd period - Slapshot by Keith Aulie.
19:58 of 3rd period - Shot Misses the Net.
Output by the SimonT Hockey Simulator (STHS) for François Prévost -- Original Page W3C XHTML 1.0 Valid